 Dungeon Crawl Stone Soup version 0.24-a0-462-ge24419a6ad (webtiles) character file.

Game seed: 15112871832386538194

52 mhoghedin the Stinger (level 3, 0/21 HPs)
             Began as an Octopode Venom Mage on July 1, 2019.
             Was an Initiate of Vehumet.
             Slain by an adder (5 damage)
             ... on level 1 of the Dungeon.
             The game lasted 00:03:09 (2282 turns).

mhoghedin the Stinger (Octopode Venom Mage)         Turns: 2282, Time: 00:03:11

Health: 0/21       AC:  1    Str:  7    XL:     3   Next: 85%
Magic:  5/7        EV: 13    Int: 18    God:    Vehumet [......]
Gold:   73         SH:  0    Dex: 12    Spells: 4/7 levels left

rFire    . . .     SeeInvis .   m - +2 dagger (protect)
rCold    . . .     Gourm    .   (no shield)
rNeg     . . .     Faith    .   (helmet restricted)
rPois    .         Spirit   .   (no amulet)
rElec    .         Reflect  .   (no ring)
rCorr    .         Harm     .   (no ring)
MR       .....                  (no ring)
Stlth    +++.......             (no ring)
HPRegen  0.07/turn              (no ring)
MPRegen  0.10/turn              (no ring)
                                (no ring)
                                (no ring)

@: lethally poisoned (0 -> -11)
A: almost no armour, stealthy swim, amphibious, 8 rings, constrict 8, camouflage
1, gelatinous body 1
a: Renounce Religion


You were on level 1 of the Dungeon.
You worshipped Vehumet.
Vehumet was noncommittal.
You were not hungry.

You visited 1 branch of the dungeon, and saw 2 of its levels.

You collected 73 gold pieces.

Inventory:

Hand Weapons
 g - a +0 dagger
   (You took it off a goblin on level 1 of the Dungeon)
 h - a +2 dagger of venom
   (You found it on level 2 of the Dungeon)
 m - a +2 dagger of protection (weapon)
   (You took it off a goblin on level 2 of the Dungeon)
Scrolls
 a - 3 scrolls of identify {unknown}
 d - a scroll of immolation {unknown}
 e - a scroll of noise {unknown}
 f - 2 scrolls of remove curse {unknown}
 k - 4 scrolls of teleportation {unknown}
 l - a scroll of magic mapping {unknown}
Potions
 c - a potion of flight {unknown}
 i - a potion of lignification {unknown}
 j - a potion of curing {unknown}
Comestibles
 b - 4 rations
 n - 2 chunks of flesh {@w0}


   Skills:
 - Level 2.0 Dodging
 - Level 2.6 Stealth
 + Level 2.8 Spellcasting
 - Level 1.0 Conjurations
 + Level 1.1 Air Magic
 + Level 4.5 Poison Magic


You had 4 spell levels left.
You knew the following spells:

 Your Spells              Type           Power        Failure   Level  Hunger
a - Sting                 Conj/Pois      ##..         5%          1    None
b - Poisonous Vapours     Pois/Air       ##....       8%          2    ##.....

Your spell library contained the following spells:

 Spells                   Type           Power        Failure   Level  Hunger
 Mephitic Cloud           Conj/Pois/Air  ##......     21%         3    ###....
 Olgreb's Toxic Radiance  Pois           ###.....     26%         4    ####...
 Venom Bolt               Conj/Pois      ##........   82%         5    ######.


Dungeon Overview and Level Annotations

Branches:
Dungeon (2/15)

Altars:
Vehumet


Innate Abilities, Weirdness & Mutations

You cannot wear most types of armour.
You are very stealthy in the water. (Stealth+)
You are amphibious.
You can wear up to eight rings at the same time.
You can use your tentacles to constrict eight enemies at once.
Your skin changes colour to match your surroundings (Stealth+).
Your rubbery body absorbs attacks. (AC +1, EV +1)


Message History

The kobold barely misses you.
You hit the kobold.
Your weapon exudes an aura of protection.
Your grab misses the kobold. You squeeze the kobold.
You kill the kobold!
You hit the kobold but do no damage. Your grab misses the kobold.
The kobold closely misses you.
You closely miss the kobold. Your grab misses the kobold.
Your squeeze misses the kobold. The kobold hits you but does no damage.
You hit the kobold.
You kill the kobold!
You hit the goblin. Your grab misses the goblin. The goblin barely misses you.
You hit the goblin.
You kill the goblin!
No target in view!
You see here a kobold corpse.
A ball python comes into view.
The ball python hisses angrily.
The ball python barely misses you. The ball python grabs you.
The ball python constricts you.
You take 1 damage, and have 20/21 hp.
You hit the ball python.
Your weapon exudes an aura of protection.
You grab the ball python. You constrict the ball python.
The ball python barely misses you. The ball python constricts you.
You hit the ball python.
You kill the ball python!
No target in view!
There is a radiant altar of Vehumet here.
Unknown command.
Press < or > to pray at altars.
Unknown command.
Press < or > to pray at altars.
You curl up in front of the altar of Vehumet.
Vehumet welcomes you!
You are feeling hungry.
There is a stone staircase leading down here.
Things that are here:
a +0 club; a goblin corpse
Things that are here:
a +0 short sword; a stone Health restored: 21
Things that are here:
a +0 short sword; a stone There isn't anything to butcher here.
There is a stone staircase leading down here.
Things that are here:
a +0 club; a goblin corpse You butcher the goblin corpse.
n - 3 chunks of flesh {@w0}
There is a stone staircase leading down here.
Things that are here:
a +0 club; a goblin skeleton Eating one of 3 chunks of flesh {@w0}.
You eat one of the 3 chunks of flesh {@w0}.
Things that are here:
a +0 short sword; a stone
There is an escape hatch in the floor here.
There is an escape hatch in the floor here.
You see here a kobold corpse.
k - 4 scrolls labeled PAQABRUDAL (gained 1)
There is a stone staircase leading up, spattered with blood here.
An adder comes into view.
An adder is nearby!
An adder is nearby!
A bat comes into view.
The bat barely misses you.
The adder hisses angrily.
The goblin shouts!
The bat hits you. The adder closely misses you.
The kobold shouts!
You hear a shout! x2
You take 1 damage, and have 20/21 hp.
The bat hits you but does no damage. The adder barely misses you.
The bat hits you.
You take 1 damage, and have 19/21 hp.
The bat hits you. The bat hits you. The adder bites you.
You are poisoned.
The adder poisons you!
You take 5 damage, and have 14/21 hp.
MASSIVE DAMAGE!!
You feel sick. The bat closely misses you.
There is a stone staircase leading up, spattered with blood here.
You take 1 damage, and have 13/21 hp.
You feel sick. The bat hits you. The adder barely misses you.
The goblin unwields a +0 club.
The goblin wields a +0 hunting sling.
The goblin shoots a stone.
The stone barely misses you.
You climb upwards.
There is a stone staircase leading down, spattered with blood here.
You take 2 damage, and have 11/21 hp.
Aim: an adder Poisonous vapours surround the adder!
You feel sick.
The adder is engulfed in poison gas.
The adder is poisoned.
The adder bites you.
* * * LOW HITPOINT WARNING * * *
You are lethally poisoned!
The adder poisons you!
The adder is engulfed in poison gas.
The adder looks even sicker.
The adder bites you.
You die...

≈≈≈≈### #.#######.#.# #.# ≈..##
#.# #.#.# #.# ....# #g# #.#.# #.#
....## #.# #.#.# #.# .....## #.#
#.#.# #.# ......# #.# #.#.# #.#
......####.# #.#.# #.#
.........#.# ###.#.######.# ###
.....###...# #@S......(...# #..
...### ###.# #)#.#.#..###.###..
#.## #.#####...###..###...... ..#
#.......................
.######################......##..
..........†...................#..
###########################.#.##'
#..................#.#....
#.....÷###########.#.#.###


You could see an adder.

Vanquished Creatures
  Robin (D:2)
  An ooze (D:1)
  A leopard gecko (D:2)
  2 ball pythons
  12 goblins
  2 jackals (D:1)
  3 kobolds
  7 bats (D:1)
  2 frilled lizards
  4 rats
35 creatures vanquished.

Notes
Turn   | Place    | Note
-------+----------+-------------------------------------------
     0 | D:1      | mhoghedin the Octopode Venom Mage began the quest for the
                  | Orb.
     0 | D:1      | Reached XP level 1. HP: 11/11 MP: 3/3
   472 | D:1      | Reached skill level 4 in Poison Magic
   472 | D:1      | Reached XP level 2. HP: 17/17 MP: 0/5
   970 | D:1      | Learned a level 2 spell: Poisonous Vapours
  1444 | D:2      | Noticed Robin
  1452 | D:1      | Reached XP level 3. HP: 21/21 MP: 1/6
  1693 | D:2      | Killed Robin
  2039 | D:2      | Reached skill level 1 in Air Magic
  2145 | D:2      | Found a radiant altar of Vehumet.
  2167 | D:2      | Became a worshipper of Vehumet
  2282 | D:1      | HP: 5/21 [adder (5)]
  2282 | D:1      | Slain by an adder

Levels and vault maps discovered:
D:1:      eino_arrival_cavern_b, layout_basic
D:2:      layout_basic, vehumet_crystals, nicolae_overflow_crystal_walls,
          evilmike_ruin_ashenzari, uniq_robin

Skill      XL: |  1  2  3 |
---------------+----------+-----
Poison Magic   | 4 |  4.5
Air Magic      | 1 |  1.1
Dodging        | |  2.0
Stealth        | |  2.6
Spellcasting   | |  2.8
Conjurations   | |  1.0

Action                   || total
-------------------------++-------
Melee: Dagger            ||    35
       Tentacles         ||     7
       Constrict         ||     9
 Cast: Sting             ||    27
       Poisonous Vapours ||     8
  Use: Potion            ||     3
 Stab: Sleeping          ||     1
  Eat: Chunk             ||     5
Armor: Skin              ||     9
Dodge: Dodged            ||    41

Table legend:
 A = Non-vault XP
 B = Vault XP
 C = Vault XP percentage of total XP
 D = Non-vault monster count
 E = Vault monster count
 F = Vault count percentage of total count
                 A         B        C        D         E       F
            +---------+---------+-------+---------+---------+-------
      Total |      47 |      28 |  37.3 |      27 |       8 |  22.9
            +---------+---------+-------+---------+---------+-------
        D:1 |      34 |       4 |  10.5 |      19 |       2 |   9.5
        D:2 |      13 |      24 |  64.9 |       8 |       6 |  42.9
            +---------+---------+-------+---------+---------+-------

Levels and vault maps discovered:
D:1:      eino_arrival_cavern_b, layout_basic
D:2:      layout_basic, vehumet_crystals, nicolae_overflow_crystal_walls,
          evilmike_ruin_ashenzari, uniq_robin

Table legend:
 A = Turns spent in this place as a percentage of turns spent in the entire game.
 B = Non-inter-level travel turns spent in this place as a percentage of non-inter-level travel turns spent in the entire game.
 C = Inter-level travel turns spent in this place as a percentage of turns spent in this place.
 D = Turns resting spent in this place as a percentage of non-inter-level travel turns spent in this place.
 E = Turns spent auto-exploring this place as a percentage of non-inter-level travel turns spent in this place.
 F = Non-inter-level travel turns spent in this place divided by the number of levels of this place that you've seen.
                   A       B       C       D       E      F
               +-------+-------+-------+-------+-------+----------------------
         Total | 100.0 | 100.0 |   1.9 |  35.7 |  52.1 | 1119.0
       Dungeon | 100.0 | 100.0 |   1.9 |  35.7 |  52.1 | 1119.0
               +-------+-------+-------+-------+-------+----------------------

Table legend:
 A = Kills in this place as a percentage of kills in entire the game.
 B = Kills by you in this place as a percentage of kills by you in the entire game.
 C = Kills by friends in this place as a percentage of kills by friends in the entire game.
 D = Other kills in this place as a percentage of other kills in the entire game.
 E = Experience gained in this place as a percentage of experience gained in the entire game.
 F = Experience gained in this place divided by the number of levels of this place that you have seen.
                   A       B       C       D       E      F
               +-------+-------+-------+-------+-------+----------------------
         Total | 100.0 | 100.0 |   N/A |   N/A | 100.0 |  37.5
       Dungeon | 100.0 | 100.0 |   N/A |   N/A | 100.0 |  37.5
               +-------+-------+-------+-------+-------+----------------------
